 Dungeon Crawl Stone Soup version 0.30-a0-451-ge042605de7 (webtiles) character file.

Game seed: 16728530263346396631

543 cforsyth the Trooper (level 7, -4/93 HPs)
             Began as a Minotaur Berserker on Dec 11, 2022.
             Was a Priest of Trog.
             Slain by an ogre
             ... wielding a +0 giant spiked club
              (21 damage)
             ... on level 5 of the Dungeon.
             The game lasted 00:04:31 (3591 turns).

cforsyth the Trooper (Minotaur Berserker)           Turns: 3591, Time: 00:04:31

Health: -4/93      AC: 12    Str: 24    XL:     7   Next: 6%
Magic:  6/6        EV:  7    Int:  4    God:    Trog [***...]
Gold:   91         SH:  2    Dex:  9    Spells: 6/6 levels left

rFire   . . .      SeeInvis .    a - +0 hand axe
rCold   . . .      Faith    .    m - +0 buckler
rNeg    . . .      Spirit   .    f - +0 plate armour
rPois   .          Reflect  .    (helmet restricted)
rElec   .          Harm     .    (no cloak)
rCorr   .          Rampage  .    (no gloves)
Will    .....                    (no boots)
Stlth   ..........               (no amulet)
HPRegen 0.35/turn                (no ring)
MPRegen 0.10/turn                (no ring)

@: berserking, very quick
A: horns 2, retaliatory headbutt
a: Renounce Religion, Berserk, Trog's Hand


You were on level 5 of the Dungeon.
You worshipped Trog.
Trog was most pleased with you.
You visited 1 branch of the dungeon, and saw 5 of its levels.

You collected 91 gold pieces.

Inventory:

Hand Weapons
 a - a +0 hand axe (weapon)
Missiles
 i - a throwing net (quivered)
Armour
 b - a +0 animal skin
 f - a +0 plate armour (worn)
 m - a +0 buckler (worn)
Wands
 p - a wand of mindburst (14)
Scrolls
 c - 4 scrolls of poison {unknown}
 e - 5 scrolls of teleportation {unknown}
 h - 4 scrolls of enchant weapon {unknown}
 k - 4 scrolls of identify {unknown}
 n - a scroll of amnesia {unknown}
 o - a scroll of enchant armour {unknown}
 q - 3 scrolls of butterflies {unknown}
 r - a scroll of vulnerability {unknown}
 s - a scroll of immolation {unknown}
 u - a scroll of fear {unknown}
 v - a scroll of silence {unknown}
 w - a scroll of acquirement {unknown}
Potions
 d - a potion of resistance {unknown}
 g - 2 potions of might {unknown}
 j - 2 potions of degeneration {unknown}
 l - 3 potions of heal wounds {unknown}
 t - a potion of invisibility {unknown}
 x - a potion of lignification {unknown}


   Skills:
 + Level 5.8 Fighting
 + Level 5.7 Axes
 + Level 5.0 Armour
 + Level 4.5 Dodging


You had 6 spell levels left.
You didn't know any spells.
Your spell library was empty.

Dungeon Overview and Level Annotations

Branches:
Dungeon (5/15)
 Temple: D:4-7

Altars:
Ashenzari
Gozag
Hepliaklqana

Shops:
D:1 (


Innate Abilities, Weirdness & Mutations

You have a pair of horns on your head.
You reflexively headbutt those who attack you in melee.


Message History

No target in view!
No target in view!
No target in view!
No target in view!
Done exploring.
Done exploring.
(D) Dungeon
Where to? (Enter - D:4, ? - help)
There is a stone staircase leading down here.
You climb downwards.
Found a robe and a chain mail.
Found a stone staircase leading up.
There is a stone staircase leading up here.
No target in view!
You see here a +0 chain mail.
An ogre comes into view. It is wielding a +0 giant spiked club.
The ogre shouts!
An orc comes into view. It is wielding a +0 short sword.
The orc shouts!
You hit the ogre but do no damage. The ogre closely misses you.
You closely miss the ogre. You hit the ogre.
The ogre is moderately wounded.
The ogre hits you with a +0 giant spiked club!
You are too injured to fight recklessly!
You are too injured to fight recklessly!
You are too injured to fight recklessly!
You are too injured to fight recklessly!
You hit the ogre. You headbutt the ogre.
The ogre is heavily wounded.
The ogre hits you with a +0 giant spiked club!!
You barely miss the ogre.
The ogre is heavily wounded.
You hit the ogre. You headbutt the ogre!
The ogre is almost dead.
The ogre hits you with a +0 giant spiked club!
* * * LOW HITPOINT WARNING * * *
A red film seems to cover your vision as you go berserk!
You feel yourself moving faster!
You feel mighty!
The ogre hits you with a +0 giant spiked club!!
You die...

.## ...## ###......
.....#######.........####
#........o.............##
#....@O.....##........
#...######### ........
#...# #....... #...#
#....... #^..# #.<...<#
#...# ##....[. #...#
#....... #...# #.......
####...# ##[.#####


You could see an ogre and an orc.

Vanquished Creatures
  Sigmund (D:2)
  A black bear (D:4)
  A necrophage (D:4)
  A howler monkey (D:4)
  Ijyb (D:3)
  Robin (D:3)
  3 adders
  3 worms
  5 dart slugs
  An orc (D:4)
  10 ball pythons
  6 bats
  4 endoplasms
  5 giant cockroaches
  16 goblins
  9 hobgoblins
  6 jackals
  6 quokkas
  A frilled lizard (D:3)
  5 kobolds
  10 rats
96 creatures vanquished.

Vanquished Creatures (others)
  6 plants (D:3)
6 creatures vanquished.

Grand Total: 102 creatures vanquished

Notes
Turn   | Place    | Note
-------+----------+-------------------------------------------
     0 | D:1      | cforsyth the Minotaur Berserker began the quest for the
                  | Orb.
     0 | D:1      | Reached XP level 1. HP: 19/19 MP: 0/0
    52 | D:1      | Reached XP level 2. HP: 27/27 MP: 1/1
   346 | D:1      | Found a faded altar of an unknown god.
   513 | D:1      | Reached ** piety under Trog
   522 | D:1      | Reached XP level 3. HP: 30/33 MP: 2/2
   549 | D:1      | Found Loephoh's Weapon Emporium.
  1566 | D:2      | Noticed Sigmund
  1579 | D:2      | Killed Sigmund
  1580 | D:2      | Reached skill level 5 in Fighting
  1580 | D:2      | Reached skill level 5 in Axes
  1580 | D:2      | Reached XP level 4. HP: 42/42 MP: 3/3
  1580 | D:2      | Reached XP level 5. HP: 48/48 MP: 4/4
  1872 | D:3      | Found a hazy altar of Hepliaklqana.
  1982 | D:3      | Noticed Ijyb
  2001 | D:3      | Killed Ijyb
  2002 | D:3      | Reached XP level 6. HP: 56/56 MP: 5/5
  2037 | D:3      | Noticed Robin
  2063 | D:3      | Killed Robin
  2479 | D:3      | Found a broken altar of Ashenzari.
  2678 | D:3      | Found an opulent altar of Gozag.
  2755 | D:3      | Reached *** piety under Trog
  3133 | D:4      | Reached skill level 5 in Armour
  3133 | D:4      | Reached XP level 7. HP: 42/62 MP: 6/6
  3546 | D:5      | Entered Level 5 of the Dungeon
  3591 | D:5      | Slain by an ogre

Illustrated notes

Levels and vault maps discovered:
D:1:      nzn_arrival_water_spiral, layout_loops_corners, serial_shops, shop,
          dilly_ecumenical_altar_fadedgnrine, roderic_lattice_a,
          nicolae_wormholes
D:2:      layout_basic, serial_curves, eino_curves_04, eino_curves_02,
          kennysheep_path_1, uniq_sigmund
D:3:      layout_basic, mainiacjoe_overflow_tiny_flanked,
          nicolae_hepliaklqana_hazy_memory, cheibrodos_ashenzari_chains,
          uniq_ijyb, uniq_robin
D:4:      layout_cave_pools, dk_rats_in_the_wall
D:5:      layout_layer_cave, nicolae_uskayaw_murder_on_the_dancefloor,
          kennysheep_mini_moat, lemuel_mausoleum_altar_kikubaaqudgha,
          uniq_menkaure, uniq_crazy_yiuf_cottage, uniq_edmund

Skill      XL: |  1  2  3  4  5  6 |
---------------+-------------------+-----
Fighting       | 4 5 |  5.8
Axes           | 4 5 |  5.7
Armour         | 3 4 5 |  5.0
Dodging        | 3 4 |  4.5

Action                   |  1- 3 |  4- 6 |  7- 9 || total
-------------------------+-------+-------+-------++-------
Melee: Hand axe          |   108 |   128 |    20 ||   256
       Headbutt          |     9 |    21 |     6 ||    36
       Punch             |     1 |       |       ||     1
Invok: Berserk           |     1 |     1 |     1 ||     3
       Trog's Hand       |     1 |     1 |       ||     2
Armor: Animal skin       |     6 |       |       ||     6
       Plate armour      |    51 |    72 |     8 ||   131
Dodge: Dodged            |    39 |    46 |     6 ||    91
Block: Buckler           |     1 |    14 |     1 ||    16

Table legend: (Time is in decaauts)
 A = Elapsed time spent in this place.
 B = Non-inter-level travel time spent in this place.
 C = Inter-level travel time spent in this place.
 D = Time resting spent in this place.
 E = Time spent auto-exploring this place.
 F = Levels seen in this place.
 G = Mean time per level.
                   A        B        C        D        E       F      G
               +--------+--------+--------+--------+--------+-----+--------+
         Total |   3629 |   3549 |     80 |    424 |   2535 |   5 |  725.8 |
       Dungeon |   3629 |   3549 |     80 |    424 |   2535 |   5 |  725.8 |
               +--------+--------+--------+--------+--------+-----+--------+

Top non-repeatable levels by time:
     D:1: 1182 daAuts
     D:3: 1124 daAuts
     D:4: 712 daAuts
     D:2: 565 daAuts
     D:5: 44 daAuts
